 Dungeon Crawl Stone Soup version 0.29.1-15-g9cfb28693d (webtiles) character file.

Game seed: 10970671629046568541

196 protoss039 the Digger (level 5, -11/38 HPs)
             Began as a Demonspawn Earth Elementalist on Mar 12, 2023.
             Mangled by an iguana (13 damage)
             ... on level 5 of the Dungeon.
             The game lasted 00:03:04 (2638 turns).

protoss039 the Digger (DsEE)                        Turns: 2638, Time: 00:03:04

Health: -11/38     AC:  5    Str:  8    XL:     5   Next: 45%
Magic:  7/9        EV: 10    Int: 19    God:
Gold:   123        SH:  0    Dex: 13    Spells: 4/10 levels left

rFire   . . .      SeeInvis .   a - staff of earth
rCold   . . .      Faith    .   (no shield)
rNeg    . . .      Spirit   .   p - +0 ring mail
rPois   .          Reflect  .   (helmet restricted)
rElec   .          Harm     .   (no cloak)
rCorr   .          Rampage  .   (no gloves)
Will    .....                   (no boots)
Stlth   +.........              (no amulet)
HPRegen 0.12/turn               (no ring)
MPRegen 0.22/turn               (no ring)

@: no status effects
A: horns 1, magic regeneration
a: no special abilities


You were on level 5 of the Dungeon.
You visited 1 branch of the dungeon, and saw 4 of its levels.

You collected 145 gold pieces.
You spent 22 gold pieces at shops.

Inventory:

Hand Weapons
 c - a +2 antimagic hand axe
 j - a +0 dagger
Armour
 p - a +0 ring mail (worn)
Magical Staves
 a - a staff of earth (weapon)
Scrolls
 e - 2 scrolls of identify
 f - 3 scrolls of magic mapping
 i - 2 scrolls of noise {unknown}
 k - a scroll of blinking {unknown}
 m - a scroll of fear {unknown}
 o - a scroll of enchant armour {unknown}
Potions
 b - a potion of magic
 d - a potion of brilliance {unknown}
 g - a potion of curing {unknown}
 h - a potion of heal wounds {unknown}
 l - a potion of degeneration {unknown}
 n - a potion of mutation {unknown}
 q - a potion of haste {unknown}


   Skills:
 + Level 2.3 Fighting
 * Level 1.9 Armour
 - Level 1.7 Dodging
 - Level 1.7 Stealth
 + Level 3.0 Spellcasting
 + Level 1.5 Conjurations
 - Level 0.8 Transmutations
 + Level 3.5 Earth Magic


You had 4 spell levels left.
You knew the following spells:

 Your Spells              Type           Power      Damage    Failure   Level
a - Sandblast             Erth           48%        2d12      11%         1
b - Passwall              Tmut/Erth      13%        N/A       28%         2
c - Stone Arrow           Conj/Erth      36%        3d9       43%         3

Your spell library contained the following spells:

 Spells                   Type           Power      Damage    Failure   Level
 Slow                     Hex            8%         N/A       41%         1
 Confusing Touch          Hex            2%         N/A       80%         3
 Vampiric Draining        Necr           2%         2d6       80%         3
 Petrify                  Tmut/Erth      16%        N/A       88%         4


Dungeon Overview and Level Annotations

Branches:
Dungeon (3/15) Zot: 21306

Altars:

Shops:
D:2 ?

Annotations:
D:5 Eustachio


Innate Abilities, Weirdness & Mutations

You have a pair of small horns on your head.
You regenerate magic rapidly.


Message History

The quasit disappears in a puff of smoke!
The orc hits you with a +0 dagger. The iguana closely misses you.
The iguana bites you!
Eustachio gestures wildly while chanting.
The orc hits you but does no damage. The orc wizard barely misses you.
Casting: Sandblast (safe; 11% risk of failure)
Confirm with . or Enter, or press ? or * to list all spells.
Aiming: Sandblast (safe; 11% risk of failure)
Press: ? - help, Shift-Dir - straight line, f - Eustachio
Aim: Eustachio, wielding a +0 rapier and wearing a +0 leather armour (76% to hit)
You feel a surge of power!
The blast of sand hits Eustachio!
Eustachio is moderately wounded.
The quasit bites you but does no damage.
The quasit barely misses you. The quasit claws you. The orc barely misses you.
The iguana bites you.
The orc wizard gestures at you while chanting.
You resist with some effort. Eustachio hits you with a +0 rapier!
* * * LOW HITPOINT WARNING * * *
Casting: Sandblast (safe; 11% risk of failure)
Confirm with . or Enter, or press ? or * to list all spells.
Aiming: Sandblast (safe; 11% risk of failure)
Press: ? - help, Shift-Dir - straight line, f/p - Eustachio
Aim: Eustachio, wielding a +0 rapier and wearing a +0 leather armour (moderately wounded, 76% to hit)
You feel a surge of power!
The blast of sand misses Eustachio.
The blast of sand misses the orc.
The blast of sand hits the rat!
You kill the rat!
The rat's corpse disappears in a puff of smoke!
The quasit bites you but does no damage.
The quasit claws you but does no damage.
The quasit claws you.
* * * LOW HITPOINT WARNING * * *
The orc wizard hits you but does no damage.
Eustachio barely misses you. The orc hits you but does no damage.
The iguana bites you.
* * * LOW HITPOINT WARNING * * *
The quasit bites you.
* * * LOW HITPOINT WARNING * * *
The quasit barely misses you. The quasit closely misses you.
The iguana bites you!
You die...

#.........# #.........#
#.........###
#.........+.#
#.!.......#.#
#....r5...#.#
##...5ol5..#.#
.>..§o@@.# #.#
#.######o#.###.#
#.......r#.#...#
....#####'#.###
#...#........#
#...#........#
#...+........#
#..##...#........#
.................#######


You could see Eustachio, an iguana, 2 iron imps, an orc wizard, a quasit
(summoned), 2 orcs and 2 quokkas.

Vanquished Creatures
  A necrophage (D:5)
  4 adders
  3 gnolls (D:2)
  4 dart slugs
  4 orcs (D:5)
  5 endoplasms
  2 giant cockroaches
  5 goblins
  9 hobgoblins
  A quokka (D:1)
  4 ball pythons
  5 bats
  7 frilled lizards
  2 kobolds (D:1)
  3 rats
59 creatures vanquished.

Notes
Turn   | Place    | Note
-------+----------+-------------------------------------------
     0 | D:1      | protoss039 the Demonspawn Earth Elementalist began the
                  | quest for the Orb.
     0 | D:1      | Reached XP level 1. HP: 13/13 MP: 3/3
   285 | D:1      | Gained mutation: You regenerate magic rapidly. [demonic
                  | ancestry]
   285 | D:1      | Reached XP level 2. HP: 20/20 MP: 0/5
   365 | D:1      | Reached skill level 1 in Fighting
   868 | D:1      | Reached XP level 3. HP: 26/26 MP: 2/6
  1177 | D:1      | Learned a level 2 spell: Passwall
  1181 | D:1      | Learned a level 3 spell: Stone Arrow
  1346 | D:2      | Reached XP level 4. HP: 11/33 MP: 0/8
  1362 | D:2      | Reached skill level 1 in Armour
  1554 | D:2      | Found a faded altar of an unknown god.
  1921 | D:2      | Found Kytut's Magic Scroll Emporium.
  1948 | D:2      | Bought a scroll of identify for 22 gold pieces
  2028 | D:2      | Reached skill level 1 in Conjurations
  2279 | D:3      | You fall into a shaft and drop 2 floors!
  2279 | D:5      | Entered Level 5 of the Dungeon
  2281 | D:5      | Noticed a necrophage
  2289 | D:5      | Killed a necrophage
  2290 | D:5      | Gained mutation: You have a pair of small horns on your
                  | head. [demonic ancestry]
  2290 | D:5      | Reached XP level 5. HP: 24/38 MP: 4/9
  2632 | D:5      | Noticed Eustachio
  2638 | D:5      | Mangled by an iguana

Illustrated notes

Levels and vault maps discovered:
D:1:      lightli_arrival_isolated_outpost, layout_loops_ring
D:2:      layout_loops_cross, serial_shops, nicolae_shop_window_shopping,
          ebering_ecumenical_altar_ruins
D:3:      layout_loops_ring, serial_shops, nicolae_shop_behind_doors,
          mrwooster_statue_mirror, dreamdust_wishing_well, grunt_ministairs_8
D:5:      layout_basic, lemuel_doored_altar, uniq_eustachio, uniq_sigmund

Skill      XL: |  1  2  3  4 |
---------------+-------------+-----
Fighting       | 1 2 |  2.3
Earth Magic    | 3 |  3.5
Armour         | 1 |  1.9
Conjurations   | 1 |  1.5
Spellcasting   | 3 |  3.0
Dodging        | |  1.7
Stealth        | |  1.7
Transmutations | |  0.8

Action                   |  1- 3 |  4- 6 || total
-------------------------+-------+-------++-------
Melee: Club              |     7 |       ||     7
       Unarmed           |     2 |       ||     2
       Dagger            |    12 |       ||    12
       Staff             |     1 |    19 ||    20
       Punch             |     1 |       ||     1
       Headbutt          |       |     2 ||     2
 Cast: Sandblast         |    55 |    30 ||    85
  Use: Scroll            |       |     1 ||     1
 Stab: Sleeping          |       |     1 ||     1
Armor: Robe              |     3 |       ||     3
       Leather armour    |     3 |     4 ||     7
       Ring mail         |       |    12 ||    12
Dodge: Dodged            |    34 |    31 ||    65
